Blackhawks vs Canadiens
(R2)
Created - April 5, 2019 at 19:01
Goals
|
Blackhawks |
1 |
0 |
0 |
1 |
Canadiens |
2 |
1 |
0 |
3 |
|
Shots
|
Blackhawks |
6 |
7 |
13 |
26 |
Canadiens |
7 |
11 |
6 |
24 |
|
1st period
1. Canadiens , Dustin Boyd 22 (Vitaly Vishnevsky 20, Andrew Alberts 21) at 4:55
2. Blackhawks , Tyler Johnson 19 (Chris Kreider 26) at 9:04
3. Canadiens , Steve Downie 21 (Frans Nielsen 41) at 10:30
Penalties :
Dalton Prout (Chi) for Roughing (Minor) at 13:07, Dalton Prout (Chi) for Slashing (Minor) at 15:59
2nd period
4. Canadiens , Raphael Diaz 10 (Frans Nielsen 42, Steve Downie 22) at 17:51
Penalties :
Denis Grebeshkov (Chi) for Hooking (Minor) at 7:12, Mike Green (Chi) for High sticking (Minor) at 11:31, David Jones (Mon) for Roughing (Minor) at 13:58
3rd period
No Goal
Penalties :
Enver Lisin (Mon) for Tripping (Minor) at 0:59, Zac Rinaldo (Chi) for Holding (Minor) at 3:28, Lasse Kukkonen (Chi) for Hooking (Minor) at 9:35, Colton Parayko (Mon) for Holding (Minor) at 18:32
Goalie Stats
Jimmy Howard (Chi), 21 saves from 24 shots - (0.875), L, 23-26-4, 60:00 minutes
Allen York (Mon), 25 saves from 26 shots - (0.962), W, 9-1-2, 60:00 minutes
Players Stats for Blackhawks
Player Name G A P +/- PIM S H SB GA TA FO MP PP MP PK MP
------------------------------------------------------------------------------------
Antoine Roussel 0 0 0 0 0 3 0 0 0 0 0/2 20:34 2:52 3:44
Bobby Ryan 0 0 0 0 0 2 2 0 0 0 1/2 13:34 2:27 0:00
Cam Janssen 0 0 0 -1 0 2 1 0 0 1 0/1 12:04 0:06 1:53
Carl Hagelin 0 0 0 -1 0 0 2 0 0 0 0/0 7:19 0:00 0:00
Chris Kreider 0 1 1 0 0 1 2 1 0 1 1/1 15:29 2:27 1:45
Dalton Prout 0 0 0 -1 4 2 1 1 0 1 0/0 13:08 0:00 0:34
Daniel Cleary 0 0 0 -1 0 1 2 0 0 0 0/1 7:19 0:00 0:00
Denis Grebeshkov 0 0 0 -1 2 1 1 0 2 2 0/0 26:49 2:49 5:25
Derick Brassard 0 0 0 0 0 1 2 0 2 0 13/19 23:04 2:52 6:15
Hampus Lindholm 0 0 0 -1 0 1 2 0 0 0 0/0 13:59 0:00 3:10
Kevin Marshall 0 0 0 0 0 0 0 1 0 1 0/0 19:57 2:36 5:00
Lasse Kukkonen 0 0 0 0 2 1 2 1 0 1 0/0 20:10 2:36 4:24
Mike Green 0 0 0 -1 2 3 2 0 0 0 0/0 26:13 2:49 5:15
Peter Regin 0 0 0 -1 0 1 1 0 0 0 3/3 10:06 0:06 0:00
Rick Nash 0 0 0 0 0 5 1 3 0 0 4/9 23:03 2:52 6:10
Tomas Fleischmann 0 0 0 -1 0 0 1 1 1 0 0/0 10:06 0:06 0:00
Tyler Johnson 1 0 1 0 0 2 2 1 0 0 6/7 17:44 2:27 4:01
Zac Rinaldo 0 0 0 -1 2 0 1 0 1 0 1/2 7:22 0:00 0:00
Players Stats for Canadiens
Player Name G A P +/- PIM S H SB GA TA FO MP PP MP PK MP
------------------------------------------------------------------------------------
Andrew Alberts 0 1 1 0 0 1 1 1 1 1 0/0 18:40 0:00 3:43
Brett Maclean 0 0 0 -1 0 0 0 0 0 0 0/0 8:39 0:18 0:00
Colton Parayko 0 0 0 0 2 1 2 1 0 0 0/0 21:31 4:58 1:26
David Jones 0 0 0 1 2 0 3 0 1 0 0/1 10:20 0:16 0:00
Dustin Boyd 1 0 1 1 0 3 1 0 0 0 1/8 12:26 0:13 2:10
Enver Lisin 0 0 0 -1 2 1 0 1 0 0 0/0 8:35 0:00 0:00
Evgeny Dadonov 0 0 0 0 0 1 2 0 0 1 0/0 16:25 5:51 0:00
Frans Nielsen 0 2 2 2 0 2 1 0 1 0 12/21 19:49 5:50 0:18
Greg Stewart 0 0 0 0 0 0 2 0 0 0 0/0 17:58 5:46 1:23
Mark Stuart 0 0 0 0 0 0 1 0 1 0 0/0 23:35 4:58 1:46
Pierre-Marc Bouchard 0 0 0 0 0 0 0 0 0 0 3/9 16:25 5:51 0:00
Raphael Diaz 1 0 1 0 0 2 1 5 1 1 0/0 24:31 6:56 0:00
Scott Hartnell 0 0 0 2 0 2 1 0 0 1 1/2 20:24 5:50 1:05
Shaone Morrisonn 0 0 0 2 0 1 1 0 0 1 0/0 14:45 0:00 3:39
Steve Downie 1 1 2 2 0 6 1 1 1 0 1/2 22:12 5:47 2:57
Tomas Plekanec 0 0 0 -1 0 1 0 0 1 1 0/4 11:20 0:00 2:57
Viktor Stalberg 0 0 0 1 0 1 0 0 0 0 0/0 10:00 0:00 0:00
Vitaly Vishnevsky 0 1 1 2 0 2 0 0 0 0 0/0 16:57 6:56 0:16
3 Stars
1 - Steve Downie (Mon)
2 - Frans Nielsen (Mon)
3 - Allen York (Mon)
Power Play
Blackhawks - 0 on 3 Attempt(s) - 0.00%
Canadiens - 0 on 6 Attempt(s) - 0.00%
Penalty Kill
Blackhawks - 6 on 6 Attempt(s) - 100.00%
- Score 0 goal in Penalty Kill
Canadiens - 3 on 3 Attempt(s) - 100.00%
- Score 0 goal in Penalty Kill
Team Stat
Blackhawks - Hits : 25 - Faceoff Wins : 29 - Blocked Shots : 9 - Penalty Minutes : 12
Canadiens - Hits : 17 - Faceoff Wins : 18 - Blocked Shots : 9 - Penalty Minutes : 6
Official
Referees : Unknown
Linesman : Unknown
Game Notes
No Game Note
Finance
Level 1 -- Attendance: 5645 (94.08%) -- Ticket Income $508,050
Level 2 -- Attendance: 4657 (93.14%) -- Ticket Income $256,135
Level 3 -- Attendance: 1804 (90.20%) -- Ticket Income $63,140
Level 4 -- Attendance: 4000 (100.00%) -- Ticket Income $100,000
Luxury Box -- Attendance: 961 (96.10%) -- Ticket Income $141,267
Game was played at the Centre Bell.
Total Attendance: 17067 (94.82%)
Total Ticket Income: $1,068,592
Other Income: $160,289
Total Income: $1,228,881
Blackhawks
5 vs 5 Forward
Center Left Wing Right Wing Time % Phy DF OF
1 Derick Brassard Antoine Roussel Rick Nash 40 1 2 2
2 Tyler Johnson Chris Kreider Bobby Ryan 30 1 2 2
3 Peter Regin Tomas Fleischmann Cam Janssen 20 1 2 2
4 Zac Rinaldo Carl Hagelin Daniel Cleary 10 1 2 2
5 vs 5 Defense
Defense Defense Time % Phy DF OF
1 Mike Green Denis Grebeshkov 40 1 2 2
2 Lasse Kukkonen Kevin Marshall 30 1 2 2
3 Dalton Prout Hampus Lindholm 20 1 2 2
4 Mike Green Denis Grebeshkov 10 1 2 2
PowerPlay Forward
Center Left Wing Right Wing Time % Phy DF OF
1 Derick Brassard Antoine Roussel Rick Nash 60 1 2 2
2 Tyler Johnson Chris Kreider Bobby Ryan 40 1 2 2
PowerPlay Defense
Defense Defense Time % Phy DF OF
1 Mike Green Denis Grebeshkov 60 1 2 2
2 Lasse Kukkonen Kevin Marshall 40 1 2 2
Penalty Kill 4 Players Forward
Center Wing Time % Phy DF OF
1 Rick Nash Derick Brassard 60 1 2 2
2 Antoine Roussel Tyler Johnson 40 1 2 2
Penalty Kill 4 Players Defense
Defense Defense Time % Phy DF OF
1 Mike Green Denis Grebeshkov 60 1 2 2
2 Lasse Kukkonen Kevin Marshall 40 1 2 2
Penalty Kill - 3 Players Forward
Forward Time % Phy DF OF
1 Rick Nash 60 1 2 2
2 Derick Brassard 40 1 2 2
Penalty Kill - 3 Players Defense
Defense Defense Time % Phy DF OF
1 Mike Green Denis Grebeshkov 60 1 2 2
2 Lasse Kukkonen Kevin Marshall 40 1 2 2
4 vs 4 Forward
Center Wing Time % Phy DF OF
1 Rick Nash Derick Brassard 60 1 2 2
2 Antoine Roussel Tyler Johnson 40 1 2 2
4 vs 4 Defense
Defense Defense Time % Phy DF OF
1 Mike Green Denis Grebeshkov 60 1 2 2
2 Lasse Kukkonen Kevin Marshall 40 1 2 2
Last Minutes Offensive
Center Left Wing Right Wing Defense Defense
Derick Brassard Antoine Roussel Rick Nash Mike Green Denis Grebeshkov
Last Minutes Defensive
Center Left Wing Right Wing Defense Defense
Derick Brassard Antoine Roussel Rick Nash Mike Green Denis Grebeshkov
Goaltenders
Starting : Jimmy Howard
Backup : Al Montoya
Extra Forwards
Normal : Peter Regin, Tomas Fleischmann, Cam Janssen - PP : Peter Regin, Tomas Fleischmann - PK : Cam Janssen
Extra Defensemen
Normal : Dalton Prout, Hampus Lindholm, Lasse Kukkonen - PP : Dalton Prout - PK : Hampus Lindholm, Lasse Kukkonen
Penalty Shots
Rick Nash, Derick Brassard, Antoine Roussel, Tyler Johnson, Bobby Ryan
Scratches
Craig Cunningham (Healthy), Joni Pitkanen (Left Leg Injury), Mason Raymond (Sprained Left Knee Injury)
Canadiens
5 vs 5 Forward
Center Left Wing Right Wing Time % Phy DF OF
1 Frans Nielsen Scott Hartnell Steve Downie 40 0 1 4
2 Pierre-Marc Bouchard Greg Stewart Evgeny Dadonov 30 0 1 4
3 Dustin Boyd Viktor Stalberg David Jones 20 0 2 3
4 Tomas Plekanec Brett Maclean Enver Lisin 10 0 3 2
5 vs 5 Defense
Defense Defense Time % Phy DF OF
1 Mark Stuart Raphael Diaz 40 0 2 3
2 Andrew Alberts Colton Parayko 30 0 2 3
3 Vitaly Vishnevsky Shaone Morrisonn 20 0 3 2
4 Colton Parayko Raphael Diaz 10 0 3 2
PowerPlay Forward
Center Left Wing Right Wing Time % Phy DF OF
1 Frans Nielsen Scott Hartnell Steve Downie 60 0 0 5
2 Pierre-Marc Bouchard Greg Stewart Evgeny Dadonov 40 0 0 5
PowerPlay Defense
Defense Defense Time % Phy DF OF
1 Raphael Diaz Vitaly Vishnevsky 60 0 1 4
2 Colton Parayko Mark Stuart 40 0 1 4
Penalty Kill 4 Players Forward
Center Wing Time % Phy DF OF
1 Tomas Plekanec Steve Downie 60 0 5 0
2 Dustin Boyd Scott Hartnell 40 0 5 0
Penalty Kill 4 Players Defense
Defense Defense Time % Phy DF OF
1 Shaone Morrisonn Andrew Alberts 60 1 4 0
2 Colton Parayko Mark Stuart 40 1 4 0
Penalty Kill - 3 Players Forward
Forward Time % Phy DF OF
1 Tomas Plekanec 60 0 5 0
2 Dustin Boyd 40 0 5 0
Penalty Kill - 3 Players Defense
Defense Defense Time % Phy DF OF
1 Shaone Morrisonn Andrew Alberts 60 0 5 0
2 Mark Stuart Vitaly Vishnevsky 40 0 5 0
4 vs 4 Forward
Center Wing Time % Phy DF OF
1 Pierre-Marc Bouchard Greg Stewart 60 0 2 3
2 Frans Nielsen Scott Hartnell 40 0 2 3
4 vs 4 Defense
Defense Defense Time % Phy DF OF
1 Vitaly Vishnevsky Mark Stuart 60 0 2 3
2 Colton Parayko Raphael Diaz 40 0 2 3
Last Minutes Offensive
Center Left Wing Right Wing Defense Defense
Frans Nielsen Scott Hartnell Evgeny Dadonov Vitaly Vishnevsky Raphael Diaz
Last Minutes Defensive
Center Left Wing Right Wing Defense Defense
Tomas Plekanec Scott Hartnell Steve Downie Shaone Morrisonn Colton Parayko
Goaltenders
Starting : Allen York
Backup : Henrik Lundqvist
Extra Forwards
Normal : Pierre-Marc Bouchard, Frans Nielsen, Greg Stewart - PP : Scott Hartnell, Frans Nielsen - PK : Tomas Plekanec
Extra Defensemen
Normal : Vitaly Vishnevsky, Raphael Diaz, Shaone Morrisonn - PP : Vitaly Vishnevsky - PK : Mark Stuart, Colton Parayko
Penalty Shots
Scott Hartnell, Frans Nielsen, Greg Stewart, Pierre-Marc Bouchard, Steve Downie
Scratches
Adam Pardy (Healthy), Dustin Kohn (Healthy), Marcel Goc (Healthy), Nikolai Zherdev (Healthy), Wes O'Neill (Healthy)
% Time on Ice - Blackhawks
Lines # - Real PCT - Wanted PCT - Time Play
Normal Forward
1 - 34% - 40% - 14:21
2 - 26% - 30% - 11:15
3 - 23% - 20% - 9:46
4 - 17% - 10% - 7:19
Normal Defense
1 - 41% - 40% - 17:22
2 - 31% - 30% - 13:25
3 - 25% - 20% - 10:46
4 - 3% - 10% - 1:08
PP Forward
1 - 55% - 60% - 2:58
2 - 45% - 40% - 2:27
PP Defense
1 - 52% - 60% - 2:49
2 - 48% - 40% - 2:36
PK Forward
1 - 69% - 60% - 8:10
2 - 31% - 40% - 3:44
PK Defense
1 - 58% - 60% - 6:54
2 - 42% - 40% - 5:00
PK3 Forward
1 - 0% - 60%
2 - 0% - 40%
PK3 Defense
1 - 0% - 60%
2 - 0% - 40%
44 Forward
1 - 0% - 60%
2 - 0% - 40%
44 Defense
1 - 0% - 60%
2 - 0% - 40%
Last Minute Offensive - 0:00
Last Minute Defensive - 0:00
Total
Forward - 60:00
Defense - 60:00
|
% Time on Ice - Canadiens
Lines # - Real PCT - Wanted PCT - Time Play
Normal Forward
1 - 32% - 40% - 13:46
2 - 25% - 30% - 10:34
3 - 23% - 20% - 10:00
4 - 20% - 10% - 8:21
Normal Defense
1 - 39% - 40% - 16:43
2 - 32% - 30% - 13:46
3 - 26% - 20% - 11:04
4 - 3% - 10% - 1:08
PP Forward
1 - 51% - 60% - 6:03
2 - 49% - 40% - 5:51
PP Defense
1 - 58% - 60% - 6:56
2 - 42% - 40% - 4:58
PK Forward
1 - 80% - 60% - 4:20
2 - 20% - 40% - 1:05
PK Defense
1 - 67% - 60% - 3:39
2 - 33% - 40% - 1:46
PK3 Forward
1 - 0% - 60%
2 - 0% - 40%
PK3 Defense
1 - 0% - 60%
2 - 0% - 40%
44 Forward
1 - 0% - 60%
2 - 0% - 40%
44 Defense
1 - 0% - 60%
2 - 0% - 40%
Last Minute Offensive - 0:00
Last Minute Defensive - 0:00
Total
Forward - 60:00
Defense - 60:00
|
Play-by-Play
1st period
0:01 of 1st period - Derick Brassard wins face-off versus Frans Nielsen in neutral zone.
0:36 of 1st period - Slapshot by Mike Green.
0:36 of 1st period - Stopped by Allen York with a rebound.
1:15 of 1st period - Colton Parayko is hit by Daniel Cleary and loses puck.
2:04 of 1st period - Slapshot by Evgeny Dadonov.
2:04 of 1st period - Shot Blocked by Dalton Prout.
2:22 of 1st period - Snap shot by Peter Regin.
2:22 of 1st period - Stopped by Allen York without a rebound.
2:23 of 1st period - Derick Brassard wins face-off versus Frans Nielsen in Canadiens zone.
2:49 of 1st period - Denis Grebeshkov is hit by Evgeny Dadonov and loses puck.
2:59 of 1st period - Off-side.
3:00 of 1st period - Derick Brassard wins face-off versus David Jones in neutral zone.
3:15 of 1st period - Slapshot by Antoine Roussel.
3:15 of 1st period - Shot Blocked by Raphael Diaz.
3:17 of 1st period - Wrist shot by Rick Nash.
3:17 of 1st period - Shot Blocked by Raphael Diaz.
3:57 of 1st period - Snap shot by Chris Kreider.
3:57 of 1st period - Shot Misses the Net.
4:09 of 1st period - Lasse Kukkonen is hit by Shaone Morrisonn and loses puck.
4:55 of 1st period - Slapshot by Vitaly Vishnevsky.
4:55 of 1st period - Deflect By Dustin Boyd.
4:55 of 1st period - Goal by Dustin Boyd - Blackhawks : 0 - Canadiens : 1.
4:56 of 1st period - Frans Nielsen wins face-off versus Rick Nash in neutral zone.
5:10 of 1st period - Wrist shot by Mike Green.
5:10 of 1st period - Stopped by Allen York without a rebound.
5:11 of 1st period - Pierre-Marc Bouchard wins face-off versus Tyler Johnson in Canadiens zone.
5:48 of 1st period - Vitaly Vishnevsky is hit by Rick Nash and loses puck.
6:29 of 1st period - Wrist shot by Carl Hagelin.
6:29 of 1st period - Shot Misses the Net.
6:37 of 1st period - Slapshot by Vitaly Vishnevsky.
6:37 of 1st period - Stopped by Jimmy Howard with a rebound.
7:20 of 1st period - Evgeny Dadonov is hit by Peter Regin and loses puck.
7:28 of 1st period - Off-side.
7:29 of 1st period - Tyler Johnson wins face-off versus Pierre-Marc Bouchard in neutral zone.
7:59 of 1st period - Slapshot by Antoine Roussel.
7:59 of 1st period - Shot Misses the Net.
8:09 of 1st period - Wrist shot by Antoine Roussel.
8:09 of 1st period - Shot Misses the Net.
8:43 of 1st period - Colton Parayko is hit by Daniel Cleary.
9:02 of 1st period - Icing by Enver Lisin.
9:03 of 1st period - Chris Kreider wins face-off versus Tomas Plekanec in Canadiens zone.
9:04 of 1st period - Slapshot by Tyler Johnson.
9:04 of 1st period - Goal by Tyler Johnson - Blackhawks : 1 - Canadiens : 1.
9:05 of 1st period - Scott Hartnell wins face-off versus Antoine Roussel in neutral zone.
9:12 of 1st period - Snap shot by Rick Nash.
9:12 of 1st period - Stopped by Allen York with a rebound.
9:14 of 1st period - Wrist shot by Rick Nash.
9:14 of 1st period - Shot Misses the Net.
9:30 of 1st period - Mark Stuart is hit by Denis Grebeshkov and loses puck.
9:51 of 1st period - Wrist shot by Dustin Boyd.
9:51 of 1st period - Shot Blocked by Lasse Kukkonen.
10:16 of 1st period - Icing by Scott Hartnell.
10:17 of 1st period - Frans Nielsen wins face-off versus Zac Rinaldo in Canadiens zone.
10:26 of 1st period - Slapshot by Steve Downie.
10:26 of 1st period - Shot Misses the Net.
10:28 of 1st period - Snap shot by Steve Downie.
10:28 of 1st period - Stopped by Jimmy Howard with a rebound.
10:30 of 1st period - Snap shot by Steve Downie.
10:30 of 1st period - Goal by Steve Downie - Blackhawks : 1 - Canadiens : 2.
10:31 of 1st period - Frans Nielsen wins face-off versus Antoine Roussel in neutral zone.
10:36 of 1st period - Snap shot by Frans Nielsen.
10:36 of 1st period - Shot Misses the Net.
11:26 of 1st period - Slapshot by Dustin Boyd.
11:26 of 1st period - Shot Blocked by Kevin Marshall.
11:28 of 1st period - Slapshot by Raphael Diaz.
11:28 of 1st period - Stopped by Jimmy Howard with a rebound.
11:30 of 1st period - Slapshot by Dustin Boyd.
11:30 of 1st period - Deflect By Viktor Stalberg.
11:30 of 1st period - Shot Misses the Net.
11:30 of 1st period - Puck is out of play.
11:31 of 1st period - Frans Nielsen wins face-off versus Derick Brassard in Blackhawks zone.
11:36 of 1st period - Slapshot by Steve Downie.
11:36 of 1st period - Stopped by Jimmy Howard with a rebound.
11:42 of 1st period - Snap shot by Frans Nielsen.
11:42 of 1st period - Stopped by Jimmy Howard with a rebound.
11:44 of 1st period - Slapshot by Colton Parayko.
11:44 of 1st period - Shot Misses the Net.
12:29 of 1st period - Slapshot by Vitaly Vishnevsky.
12:29 of 1st period - Shot Blocked by Tomas Fleischmann.
12:45 of 1st period - Snap shot by Derick Brassard.
12:45 of 1st period - Deflect By Rick Nash.
12:45 of 1st period - Shot Misses the Net.
12:45 of 1st period - Puck is out of play.
12:46 of 1st period - Derick Brassard wins face-off versus Frans Nielsen in Canadiens zone.
13:07 of 1st period - Minor Penalty to Dalton Prout for Roughing.
13:08 of 1st period - Frans Nielsen wins face-off versus Derick Brassard in Blackhawks zone.
13:25 of 1st period - Slapshot by Rick Nash.
13:25 of 1st period - Shot Misses the Net.
14:49 of 1st period - Steve Downie is hit by Lasse Kukkonen and loses puck.
15:07 of 1st period - Penalty to Dalton Prout is over, Dalton Prout is back on ice.
15:07 of 1st period - Icing by Tyler Johnson.
15:08 of 1st period - Pierre-Marc Bouchard wins face-off versus Rick Nash in Blackhawks zone.
15:27 of 1st period - Slapshot by Daniel Cleary.
15:27 of 1st period - Stopped by Allen York with a rebound.
15:59 of 1st period - Minor Penalty to Dalton Prout for Slashing.
16:00 of 1st period - Frans Nielsen wins face-off versus Rick Nash in Blackhawks zone.
16:13 of 1st period - Rick Nash is hit by Scott Hartnell and loses puck.
17:52 of 1st period - Vitaly Vishnevsky is hit by Tyler Johnson and loses puck.
17:59 of 1st period - Penalty to Dalton Prout is over, Dalton Prout is back on ice.
19:10 of 1st period - Lasse Kukkonen is hit by Raphael Diaz and loses puck.
Goals for this period are 1 for Blackhawks vs 2 for Canadiens.
Shots for this period are 6 for Blackhawks vs 7 for Canadiens.
2nd period
0:01 of 2nd period - Frans Nielsen wins face-off versus Derick Brassard in neutral zone.
0:14 of 2nd period - Snap shot by Frans Nielsen.
0:14 of 2nd period - Stopped by Jimmy Howard with a rebound.
0:16 of 2nd period - Slapshot by Steve Downie.
0:16 of 2nd period - Stopped by Jimmy Howard without a rebound.
0:17 of 2nd period - Tyler Johnson wins face-off versus Pierre-Marc Bouchard in Blackhawks zone.
0:32 of 2nd period - Snap shot by Bobby Ryan.
0:32 of 2nd period - Stopped by Allen York with a rebound.
0:44 of 2nd period - Denis Grebeshkov is hit by Steve Downie and loses puck.
1:10 of 2nd period - Off-side.
1:11 of 2nd period - Bobby Ryan wins face-off versus Frans Nielsen in neutral zone.
1:24 of 2nd period - Wrist shot by Bobby Ryan.
1:24 of 2nd period - Stopped by Allen York with a rebound.
1:26 of 2nd period - Slapshot by Lasse Kukkonen.
1:26 of 2nd period - Stopped by Allen York with a rebound.
2:48 of 2nd period - Steve Downie is hit by Derick Brassard and loses puck.
3:22 of 2nd period - Pierre-Marc Bouchard is hit by Dalton Prout and loses puck.
3:33 of 2nd period - Slapshot by Vitaly Vishnevsky.
3:33 of 2nd period - Stopped by Jimmy Howard with a rebound.
3:45 of 2nd period - Snap shot by Tomas Plekanec.
3:45 of 2nd period - Shot Misses the Net.
4:03 of 2nd period - Raphael Diaz is hit by Derick Brassard and loses puck.
4:20 of 2nd period - Wrist shot by Daniel Cleary.
4:20 of 2nd period - Deflect By Raphael Diaz.
4:20 of 2nd period - Shot Blocked by Raphael Diaz.
4:20 of 2nd period - Puck is out of play.
4:21 of 2nd period - Frans Nielsen wins face-off versus Daniel Cleary in Canadiens zone.
4:27 of 2nd period - Off-side.
4:28 of 2nd period - Frans Nielsen wins face-off versus Derick Brassard in neutral zone.
4:39 of 2nd period - Snap shot by Scott Hartnell.
4:39 of 2nd period - Shot Misses the Net.
5:05 of 2nd period - Slapshot by Dustin Boyd.
5:05 of 2nd period - Stopped by Jimmy Howard with a rebound.
5:07 of 2nd period - Slapshot by Colton Parayko.
5:07 of 2nd period - Shot Misses the Net.
5:51 of 2nd period - Wrist shot by Frans Nielsen.
5:51 of 2nd period - Shot Misses the Net.
6:26 of 2nd period - Wrist shot by Tomas Plekanec.
6:26 of 2nd period - Deflect By David Jones.
6:26 of 2nd period - Shot Blocked by Tyler Johnson.
6:26 of 2nd period - Puck is out of play.
6:27 of 2nd period - Tyler Johnson wins face-off versus Dustin Boyd in Blackhawks zone.
6:31 of 2nd period - Icing by Bobby Ryan.
6:32 of 2nd period - Tyler Johnson wins face-off versus Dustin Boyd in Blackhawks zone.
6:43 of 2nd period - Snap shot by Dustin Boyd.
6:43 of 2nd period - Stopped by Jimmy Howard without a rebound.
6:44 of 2nd period - Frans Nielsen wins face-off versus Derick Brassard in Blackhawks zone.
6:49 of 2nd period - Wrist shot by Frans Nielsen.
6:49 of 2nd period - Shot Blocked by Rick Nash.
6:51 of 2nd period - Wrist shot by Steve Downie.
6:51 of 2nd period - Stopped by Jimmy Howard with a rebound.
6:53 of 2nd period - Snap shot by Steve Downie.
6:53 of 2nd period - Shot Misses the Net.
6:55 of 2nd period - Snap shot by Scott Hartnell.
6:55 of 2nd period - Stopped by Jimmy Howard without a rebound.
6:56 of 2nd period - Derick Brassard wins face-off versus Scott Hartnell in Blackhawks zone.
6:56 of 2nd period - Derick Brassard is hit by Frans Nielsen.
7:04 of 2nd period - Backhand shot by Antoine Roussel.
7:04 of 2nd period - Stopped by Allen York without a rebound.
7:05 of 2nd period - Frans Nielsen wins face-off versus Rick Nash in Canadiens zone.
7:05 of 2nd period - Frans Nielsen is hit by Mike Green.
7:12 of 2nd period - Minor Penalty to Denis Grebeshkov for Hooking.
7:13 of 2nd period - Rick Nash wins face-off versus Frans Nielsen in Blackhawks zone.
7:29 of 2nd period - Slapshot by Rick Nash.
7:29 of 2nd period - Stopped by Allen York with a rebound.
7:39 of 2nd period - Rick Nash is hit by Greg Stewart and loses puck.
9:12 of 2nd period - Penalty to Denis Grebeshkov is over, Denis Grebeshkov is back on ice.
9:30 of 2nd period - Daniel Cleary is hit by David Jones and loses puck.
10:05 of 2nd period - David Jones is hit by Chris Kreider.
10:44 of 2nd period - Scott Hartnell is hit by Bobby Ryan and loses puck.
11:15 of 2nd period - Icing by Mark Stuart.
11:16 of 2nd period - Derick Brassard wins face-off versus Pierre-Marc Bouchard in Canadiens zone.
11:31 of 2nd period - Minor Penalty to Mike Green for High sticking.
11:32 of 2nd period - Rick Nash wins face-off versus Frans Nielsen in Blackhawks zone.
13:31 of 2nd period - Penalty to Mike Green is over, Mike Green is back on ice.
13:39 of 2nd period - Colton Parayko is hit by Carl Hagelin and loses puck.
13:44 of 2nd period - Slapshot by Daniel Cleary.
13:44 of 2nd period - Shot Blocked by Colton Parayko.
13:58 of 2nd period - Minor Penalty to David Jones for Roughing.
13:59 of 2nd period - Derick Brassard wins face-off versus Tomas Plekanec in Canadiens zone.
14:55 of 2nd period - Antoine Roussel is hit by Andrew Alberts and loses puck.
15:18 of 2nd period - Tyler Johnson is hit by Colton Parayko and loses puck.
15:58 of 2nd period - Penalty to David Jones is over, David Jones is back on ice.
16:22 of 2nd period - Slapshot by Dustin Boyd.
16:22 of 2nd period - Deflect By Viktor Stalberg.
16:22 of 2nd period - Stopped by Jimmy Howard without a rebound.
16:23 of 2nd period - Zac Rinaldo wins face-off versus Dustin Boyd in Blackhawks zone.
16:36 of 2nd period - Slapshot by Carl Hagelin.
16:36 of 2nd period - Shot Misses the Net.
16:38 of 2nd period - Snap shot by Zac Rinaldo.
16:38 of 2nd period - Shot Misses the Net.
17:29 of 2nd period - Wrist shot by Chris Kreider.
17:29 of 2nd period - Stopped by Allen York with a rebound.
17:31 of 2nd period - Snap shot by Tyler Johnson.
17:31 of 2nd period - Shot Blocked by Raphael Diaz.
17:39 of 2nd period - Snap shot by Scott Hartnell.
17:39 of 2nd period - Shot Misses the Net.
17:49 of 2nd period - Snap shot by Frans Nielsen.
17:49 of 2nd period - Shot Misses the Net.
17:51 of 2nd period - Snap shot by Raphael Diaz.
17:51 of 2nd period - Goal by Raphael Diaz - Blackhawks : 1 - Canadiens : 3.
17:52 of 2nd period - Derick Brassard wins face-off versus Pierre-Marc Bouchard in neutral zone.
17:57 of 2nd period - Wrist shot by Derick Brassard.
17:57 of 2nd period - Stopped by Allen York without a rebound.
17:58 of 2nd period - Derick Brassard wins face-off versus Pierre-Marc Bouchard in Canadiens zone.
19:25 of 2nd period - Wrist shot by Evgeny Dadonov.
19:25 of 2nd period - Shot Misses the Net.
19:27 of 2nd period - Snap shot by Evgeny Dadonov.
19:27 of 2nd period - Shot Misses the Net.
19:29 of 2nd period - Wrist shot by Pierre-Marc Bouchard.
19:29 of 2nd period - Shot Blocked by Rick Nash.
19:31 of 2nd period - Slapshot by Colton Parayko.
19:31 of 2nd period - Stopped by Jimmy Howard with a rebound.
19:33 of 2nd period - Slapshot by Colton Parayko.
19:33 of 2nd period - Deflect By Evgeny Dadonov.
19:33 of 2nd period - Stopped by Jimmy Howard without a rebound.
19:34 of 2nd period - Steve Downie wins face-off versus Bobby Ryan in Blackhawks zone.
19:49 of 2nd period - Slapshot by Frans Nielsen.
19:49 of 2nd period - Shot Blocked by Chris Kreider.
Goals for this period are 0 for Blackhawks vs 1 for Canadiens.
Shots for this period are 7 for Blackhawks vs 11 for Canadiens.
3rd period
0:01 of 3rd period - Frans Nielsen wins face-off versus Derick Brassard in neutral zone.
0:56 of 3rd period - Wrist shot by Tomas Plekanec.
0:56 of 3rd period - Stopped by Jimmy Howard without a rebound.
0:57 of 3rd period - Derick Brassard wins face-off versus Tomas Plekanec in Blackhawks zone.
0:59 of 3rd period - Minor Penalty to Enver Lisin for Tripping.
1:00 of 3rd period - Rick Nash wins face-off versus Tomas Plekanec in Canadiens zone.
2:59 of 3rd period - Penalty to Enver Lisin is over, Enver Lisin is back on ice.
3:28 of 3rd period - Minor Penalty to Zac Rinaldo for Holding.
3:29 of 3rd period - Rick Nash wins face-off versus Frans Nielsen in Blackhawks zone.
4:33 of 3rd period - Slapshot by Denis Grebeshkov.
4:33 of 3rd period - Stopped by Allen York with a rebound.
5:28 of 3rd period - Penalty to Zac Rinaldo is over, Zac Rinaldo is back on ice.
6:20 of 3rd period - Andrew Alberts is hit by Chris Kreider and loses puck.
6:49 of 3rd period - Antoine Roussel is hit by Dustin Boyd and loses puck.
7:33 of 3rd period - Scott Hartnell is hit by Zac Rinaldo and loses puck.
7:38 of 3rd period - Snap shot by Daniel Cleary.
7:38 of 3rd period - Shot Misses the Net.
7:40 of 3rd period - Snap shot by Zac Rinaldo.
7:40 of 3rd period - Shot Misses the Net.
8:07 of 3rd period - Snap shot by Derick Brassard.
8:07 of 3rd period - Shot Blocked by Enver Lisin.
8:19 of 3rd period - Chris Kreider is hit by Evgeny Dadonov and loses puck.
8:41 of 3rd period - Tyler Johnson is hit by David Jones and loses puck.
8:50 of 3rd period - Vitaly Vishnevsky is hit by Tyler Johnson and loses puck.
9:07 of 3rd period - Steve Downie is hit by Tomas Fleischmann and loses puck.
9:35 of 3rd period - Minor Penalty to Lasse Kukkonen for Hooking.
9:36 of 3rd period - Pierre-Marc Bouchard wins face-off versus Rick Nash in Blackhawks zone.
11:19 of 3rd period - Vitaly Vishnevsky is hit by Hampus Lindholm and loses puck.
11:35 of 3rd period - Penalty to Lasse Kukkonen is over, Lasse Kukkonen is back on ice.
11:48 of 3rd period - Brett Maclean is hit by Carl Hagelin and loses puck.
12:03 of 3rd period - Andrew Alberts is hit by Bobby Ryan and loses puck.
12:08 of 3rd period - Wrist shot by Tyler Johnson.
12:08 of 3rd period - Shot Blocked by Andrew Alberts.
12:20 of 3rd period - Enver Lisin is hit by Lasse Kukkonen and loses puck.
12:27 of 3rd period - Wrist shot by Enver Lisin.
12:27 of 3rd period - Stopped by Jimmy Howard with a rebound.
12:29 of 3rd period - Snap shot by Shaone Morrisonn.
12:29 of 3rd period - Stopped by Jimmy Howard with a rebound.
12:31 of 3rd period - Slapshot by Andrew Alberts.
12:31 of 3rd period - Stopped by Jimmy Howard with a rebound.
12:55 of 3rd period - Slapshot by Tomas Plekanec.
12:55 of 3rd period - Shot Misses the Net.
13:03 of 3rd period - Wrist shot by Daniel Cleary.
13:03 of 3rd period - Shot Misses the Net.
13:05 of 3rd period - Backhand shot by Lasse Kukkonen.
13:05 of 3rd period - Shot Misses the Net.
13:15 of 3rd period - Snap shot by Steve Downie.
13:15 of 3rd period - Stopped by Jimmy Howard with a rebound.
13:17 of 3rd period - Snap shot by Scott Hartnell.
13:17 of 3rd period - Stopped by Jimmy Howard with a rebound.
13:19 of 3rd period - Snap shot by Steve Downie.
13:19 of 3rd period - Shot Hit the Post.
13:21 of 3rd period - Snap shot by Frans Nielsen.
13:21 of 3rd period - Shot Misses the Net.
13:23 of 3rd period - Snap shot by Scott Hartnell.
13:23 of 3rd period - Shot Blocked by Rick Nash.
13:54 of 3rd period - Slapshot by Mike Green.
13:54 of 3rd period - Stopped by Allen York without a rebound.
13:55 of 3rd period - Peter Regin wins face-off versus Dustin Boyd in Canadiens zone.
13:56 of 3rd period - Slapshot by Cam Janssen.
13:56 of 3rd period - Shot Misses the Net.
13:58 of 3rd period - Wrist shot by Cam Janssen.
13:58 of 3rd period - Stopped by Allen York without a rebound.
13:59 of 3rd period - Peter Regin wins face-off versus Frans Nielsen in Canadiens zone.
14:14 of 3rd period - Wrist shot by Cam Janssen.
14:14 of 3rd period - Stopped by Allen York without a rebound.
14:15 of 3rd period - Derick Brassard wins face-off versus Pierre-Marc Bouchard in Canadiens zone.
14:35 of 3rd period - Antoine Roussel is hit by Greg Stewart and loses puck.
14:58 of 3rd period - Snap shot by Tyler Johnson.
14:58 of 3rd period - Stopped by Allen York with a rebound.
15:32 of 3rd period - Slapshot by Zac Rinaldo.
15:32 of 3rd period - Shot Misses the Net.
15:34 of 3rd period - Slapshot by Lasse Kukkonen.
15:34 of 3rd period - Shot Misses the Net.
15:38 of 3rd period - Wrist shot by Daniel Cleary.
15:38 of 3rd period - Shot Blocked by Raphael Diaz.
16:18 of 3rd period - Frans Nielsen is hit by Hampus Lindholm.
16:25 of 3rd period - Icing by Hampus Lindholm.
16:26 of 3rd period - Tyler Johnson wins face-off versus Dustin Boyd in Blackhawks zone.
16:54 of 3rd period - Icing by Hampus Lindholm.
16:55 of 3rd period - Derick Brassard wins face-off versus Frans Nielsen in Blackhawks zone.
17:02 of 3rd period - Snap shot by Derick Brassard.
17:02 of 3rd period - Shot Hit the Post.
17:04 of 3rd period - Slapshot by Hampus Lindholm.
17:04 of 3rd period - Stopped by Allen York with a rebound.
17:06 of 3rd period - Snap shot by Antoine Roussel.
17:06 of 3rd period - Stopped by Allen York with a rebound.
17:20 of 3rd period - Wrist shot by Rick Nash.
17:20 of 3rd period - Shot Misses the Net.
17:22 of 3rd period - Slapshot by Dalton Prout.
17:22 of 3rd period - Stopped by Allen York with a rebound.
17:24 of 3rd period - Slapshot by Dalton Prout.
17:24 of 3rd period - Stopped by Allen York with a rebound.
17:32 of 3rd period - Slapshot by Rick Nash.
17:32 of 3rd period - Stopped by Allen York with a rebound.
17:34 of 3rd period - Snap shot by Rick Nash.
17:34 of 3rd period - Stopped by Allen York with a rebound.
17:47 of 3rd period - Snap shot by Antoine Roussel.
17:47 of 3rd period - Stopped by Allen York with a rebound.
17:49 of 3rd period - Slapshot by Dalton Prout.
17:49 of 3rd period - Shot Misses the Net.
17:51 of 3rd period - Snap shot by Antoine Roussel.
17:51 of 3rd period - Shot Misses the Net.
17:53 of 3rd period - Slapshot by Hampus Lindholm.
17:53 of 3rd period - Shot Blocked by Steve Downie.
17:55 of 3rd period - Snap shot by Rick Nash.
17:55 of 3rd period - Stopped by Allen York without a rebound.
17:56 of 3rd period - Dustin Boyd wins face-off versus Cam Janssen in Canadiens zone.
17:56 of 3rd period - Dustin Boyd is hit by Cam Janssen.
18:02 of 3rd period - Denis Grebeshkov is hit by David Jones and loses puck.
18:09 of 3rd period - Snap shot by Viktor Stalberg.
18:09 of 3rd period - Deflect By Dustin Boyd.
18:09 of 3rd period - Shot Misses the Net.
18:09 of 3rd period - Puck is out of play.
18:10 of 3rd period - Peter Regin wins face-off versus Dustin Boyd in Blackhawks zone.
18:10 of 3rd period - Peter Regin is hit by Colton Parayko.
18:32 of 3rd period - Minor Penalty to Colton Parayko for Holding.
18:33 of 3rd period - Derick Brassard wins face-off versus Steve Downie in Canadiens zone.
18:46 of 3rd period - Tomas Plekanec is hit by Mike Green and loses puck.
19:43 of 3rd period - Kevin Marshall is hit by Mark Stuart and loses puck.
19:55 of 3rd period - Off-side.
19:56 of 3rd period - Tyler Johnson wins face-off versus Dustin Boyd in neutral zone.
Goals for this period are 0 for Blackhawks vs 0 for Canadiens.
Shots for this period are 13 for Blackhawks vs 6 for Canadiens.
Back to the Top